 Dungeon Sprint DCSS version 0.31-a0-1476-g8a4046af8c (webtiles) character file.

Game seed: 4536198055565206278

4678 Groucho the Destroyer (level 10, -1/63 HPs)
             Began as a Deep Elf Earth Elementalist on Dec 28, 2023.
             Was the Champion of Sif Muna.
             Slain by a redback (13 damage)
             ... in the Dungeon (Sprint VII: "The Pits").
             The game lasted 00:14:04 (6270 turns).

Groucho the Destroyer (Deep Elf Earth Elementalist) Turns: 6270, Time: 00:14:04

Health: -1/63      AC:  3    Str:  8    XL:     10   Next: 21%
Magic:  14/26      EV: 17    Int: 28    God:    Sif Muna [******]
Gold:   0          SH:  0    Dex: 15    Spells: 5/29 levels left

rFire   . . .        s - +2 rapier (elec)
rCold   . . .        (no shield)
rNeg    . . .        a - +0 robe
rPois   .            (no helmet)
rElec   .            r - +0 cloak
rCorr   .            (no gloves)
SInv    .            (no boots)
Will    +....        (no amulet)
Stlth   +++          o - +3 ring of strength
HPRegen 0.30/turn    p - +3 ring of intelligence
MPRegen 0.20/turn

%: no teleportation
@: lethally poisoned (-1 -> -41)
A: no striking features
a: Renounce Religion, Channel Magic, Forget Spell, Divine Exegesis


You were in the Dungeon.
You worshipped Sif Muna.
Sif Muna was exalted by your worship.
You visited 1 branch

Inventory:

Hand Weapons
 h - a +2 dagger
 n - a +2 dagger of venom
 s - a +2 rapier of electrocution (weapon)
Armour
 a - a +0 robe (worn)
 m - a +3 ring mail
 r - a +0 cloak (worn)
Jewellery
 o - a +3 ring of strength (left hand)
 p - a +3 ring of intelligence (right hand)
Scrolls
 j - 2 scrolls of vulnerability
 k - 5 scrolls of amnesia
 l - a scroll of summoning
Potions
 b - 5 potions of magic
 c - 6 potions of curing
 d - 8 potions of heal wounds
 e - 3 potions of haste
 f - 4 potions of berserk rage
 i - a potion of invisibility
 q - a potion of brilliance


   Skills:
 - Level 7.0 Fighting
 - Level 5.0 Short Blades
 - Level 7.0 Armour
 - Level 10.0 Dodging
 - Level 7.0 Stealth
 - Level 10.0 Spellcasting
 + Level 12.5 Conjurations
 + Level 12.5 Earth Magic
 + Level 7.1 Alchemy


You had 5 spell levels left.
You knew the following spells:

 Your Spells              Type           Power      Damage    Failure   Level
a - Sandblast             Erth           100%       2d20      1%          1
b - Stone Arrow           Conj/Erth      100%       3d13      1%          3
c - Petrify               Alch/Erth      62%        N/A       1%          4
d - Lee's Rapid Deconstr  Erth           35%        3d18*     1%          5
e - Bombard               Conj/Erth      35%        9d6       3%          6
f - Irradiate             Conj/Alch      31%        3d22      1%          5

Your spell library contained the following spells:

 Spells                   Type           Power      Damage    Failure   Level
 Hailstorm                Conj/Ice       49%        3d10      1%          3
 Passwall                 Erth           71%        N/A       1%          3
 Brom's Barrelling Bould  Conj/Erth      71%        2d8       1%          4
 Fulminant Prism          Conj/Alch      31%        3d16      1%          4
 Leda's Liquefaction      Alch/Erth      31%        N/A       1%          4
 Apportation              Tloc           28%        N/A       4%          1
 Lesser Beckoning         Tloc           28%        N/A       6%          2
 Alistair's Intoxication  Alch           34%        N/A       6%          5
 Ignite Poison            Fire/Alch      33%        N/A       10%         4
 Frozen Ramparts          Ice            28%        1d5       12%         3
 Gell's Gravitas          Tloc           14%        N/A       12%         3
 Volatile Blastmotes      Fire/Tloc      28%        2d12      12%         3
 Dimensional Bullseye     Hex/Tloc       7%         N/A       36%         4


Dungeon Overview and Level Annotations

Branches:
Dungeon (1/1)

Altars:
Ashenzari
Cheibriados
Dithmenos
Elyvilon
Fedhas
Gozag
Hepliaklqana
Kikubaaqudgha
Makhleb
Nemelex Xobeh
Okawaru
Qazlal
Ru
Sif Muna
Trog
Uskayaw
Vehumet
Wu Jian
Xom
Yredelemnul
Zin
The Shining One
Jiyva
Lugonu


Message History

Press: ? - help, Shift-Dir - straight line, f - merfolk javelineer
Aim: a merfolk javelineer, wielding a +1 heavy spear, wearing a +0 leather armour and quivering javelins (67% to hit)
The iron shot hits the wolf!!
You kill the wolf!
Sif Muna accepts your kill.
A steam dragon comes into view.
The redback bites you.
The merfolk javelineer throws a javelin.
The javelin pierces through you!
Unknown command.
Unknown command.
Casting: Bombard (dangerous; 3% risk of failure)
Confirm with . or Enter, or press ? or * to list all spells.
Aiming: Bombard (dangerous; 3% risk of failure)
Press: ? - help, Shift-Dir - straight line, f/p - merfolk javelineer
Aim: a merfolk javelineer, wielding a +1 heavy spear, wearing a +0 leather armour and quivering javelins (67% to hit)
The iron shot misses the merfolk javelineer.
The redback bites you!
* * * LOW HITPOINT WARNING * * *
The merfolk javelineer throws a javelin.
The javelin pierces through you!
* * * LOW HITPOINT WARNING * * *
The redback misses you.
Unknown command.
Unknown command.
You feel much better. The redback bites you!
You are lethally poisoned!
The redback poisons you!
The merfolk javelineer throws a javelin.
The javelin closely misses you.
Unknown command.
You feel much better.
You feel extremely sick. The redback bites you! The steam dragon bites you.
The steam dragon claws you but does no damage.
The merfolk javelineer throws a javelin.
The javelin pierces through you!
* * * LOW HITPOINT WARNING * * *
The redback bites you!
You die...

.....##''###########
.....##..........#. 3.#
.....##..........' ..
.<...##..#####...#####'##.o
.....##.))...#............o
.....##..#...#........##+##
.....##..#...#.#####..# #
#######..#####.D.s.#..# m#
#######........#@..mm.##'##o.'
#...[##........#...#m........#
#..[[###'###...#...#........o.
'..))##....'...#'###...####'##
#..))##....#...........#
#..).##....#...........+
########################


You could see a merfolk javelineer, 2 merfolk, a steam dragon and a redback.

Vanquished Creatures
  A sea snake (D)
  A deep troll (D)
  A phantasmal warrior (D)
  An unseen horror (D)
  A freezing wraith (D)
  An efreet (D)
  A komodo dragon (D)
  An ice devil (D)
  A kobold demonologist (D)
  A hornet (D)
  A glass eye (D)
  A snapping turtle (D)
  A steam dragon (D)
  A water moccasin (D)
  An ice beast (D)
  An orc warrior (D)
  A swamp drake (D)
  A wolf (D)
  2 kobold brigands (D)
  2 brain worms (D)
  A quasit (D)
  A gnoll bouda (D)
  3 orc priests (D)
  An iguana (D)
  An orc wizard (D)
  A mummy (D)
  An adder (D)
  2 white imps (D)
  An ufetubus (D)
  An adder skeleton (D)
  8 orcs (D)
  2 giant cockroaches (D)
  2 hobgoblins (D)
  A ball python skeleton (D)
  A bat (D)
  A goblin (D)
  3 kobolds (D)
  2 rats (D)
55 creatures vanquished.

Vanquished Creatures (others)
  An orc (D)
1 creature vanquished.

Grand Total: 56 creatures vanquished

Notes
Turn   | Place    | Note
-------+----------+-------------------------------------------
     0 | D        | Groucho the Deep Elf Earth Elementalist began the quest for
                  | the Orb.
     0 | D        | Reached XP level 1. HP: 10/10 MP: 6/6
    36 | D        | Found a glowing golden altar of the Shining One.
    36 | D        | Found a glowing silver altar of Zin.
    36 | D        | Found a basalt altar of Yredelemnul.
    36 | D        | Found a shimmering altar of Xom.
    36 | D        | Found an ornate altar of the Wu Jian Council.
    36 | D        | Found a bloodstained altar of Trog.
    36 | D        | Found a shimmering blue altar of Sif Muna.
    36 | D        | Found a sacrificial altar of Ru.
    36 | D        | Found a stormy altar of Qazlal.
    36 | D        | Found an iron altar of Okawaru.
    36 | D        | Found a sparkling altar of Nemelex Xobeh.
    36 | D        | Found a burning altar of Makhleb.
    36 | D        | Found a viscous altar of Jiyva.
    36 | D        | Found a hazy altar of Hepliaklqana.
    36 | D        | Found an opulent altar of Gozag.
    36 | D        | Found a blossoming altar of Fedhas.
    36 | D        | Found a white marble altar of Elyvilon.
    36 | D        | Found a shadowy altar of Dithmenos.
    36 | D        | Found a snail-covered altar of Cheibriados.
    37 | D        | Found a radiant altar of Vehumet.
    37 | D        | Found a corrupted altar of Lugonu.
    38 | D        | Found an ancient bone altar of Kikubaaqudgha.
    38 | D        | Found a hide-covered altar of Uskayaw.
    38 | D        | Found a broken altar of Ashenzari.
    39 | D        | Became a worshipper of Sif Muna the Loreminder
   181 | D        | Reached * piety under Sif Muna
   184 | D        | Reached XP level 2. HP: 15/15 MP: 6/9
   408 | D        | Reached ** piety under Sif Muna
   409 | D        | Reached skill level 5 in Spellcasting
   409 | D        | Reached skill level 5 in Earth Magic
   843 | D        | Reached skill level 1 in Short Blades
   843 | D        | Reached skill level 1 in Conjurations
   843 | D        | Reached XP level 3. HP: 20/20 MP: 8/12
   845 | D        | Noticed a brain worm
   849 | D        | Killed a brain worm
   849 | D        | Reached *** piety under Sif Muna
   850 | D        | Reached skill level 1 in Fighting
   850 | D        | Reached skill level 1 in Armour
   850 | D        | Reached XP level 4. HP: 22/25 MP: 5/14
   938 | D        | Reached XP level 5. HP: 15/30 MP: 10/16
   968 | D        | Reached **** piety under Sif Muna
   971 | D        | Reached skill level 5 in Stealth
   971 | D        | Reached skill level 5 in Conjurations
  1335 | D        | Reached skill level 5 in Dodging
  1335 | D        | Reached XP level 6. HP: 36/36 MP: 15/18
  1339 | D        | Learned a level 3 spell: Stone Arrow
  1344 | D        | Learned a level 4 spell: Petrify
  1640 | D        | Noticed a phantasmal warrior
  1645 | D        | Killed a phantasmal warrior
  1646 | D        | Reached skill level 5 in Short Blades
  1646 | D        | Reached XP level 7. HP: 42/43 MP: 6/19
  1825 | D        | Noticed a glass eye
  1828 | D        | Reached ***** piety under Sif Muna
  1831 | D        | Reached skill level 10 in Earth Magic
  1831 | D        | Reached XP level 8. HP: 13/48 MP: 4/20
  1833 | D        | Killed a glass eye
  1834 | D        | Reached skill level 5 in Fighting
  2009 | D        | Noticed a kobold demonologist
  2039 | D        | Killed a kobold demonologist
  2040 | D        | Reached skill level 5 in Armour
  2062 | D        | Received a gift from Sif Muna
  2063 | D        | Reached skill level 10 in Conjurations
  2103 | D        | Learned a level 5 spell: Lee's Rapid Deconstruction
  2110 | D        | Learned a level 6 spell: Bombard
  2486 | D        | Noticed a freezing wraith
  2487 | D        | Noticed an ice devil
  2494 | D        | Killed a freezing wraith
  2743 | D        | Killed an ice devil
  2744 | D        | Reached XP level 9. HP: 34/56 MP: 4/22
  3294 | D        | Noticed a sea snake
  3937 | D        | Received a gift from Sif Muna
  3942 | D        | Got Sif Muna's Enchiridion on the Hornet {god gift}
  4334 | D        | Killed a sea snake
  4335 | D        | Reached skill level 5 in Alchemy
  4614 | D        | Noticed a komodo dragon
  4637 | D        | Killed a komodo dragon
  4641 | D        | Reached ****** piety under Sif Muna
  4643 | D        | Received a gift from Sif Muna
  4644 | D        | Got Cyross's Atlas of Unstable Freezing {god gift}
  4878 | D        | Learned a level 5 spell: Irradiate
  4904 | D        | Killed an unseen horror
  4905 | D        | Reached skill level 10 in Dodging
  5552 | D        | Noticed an efreet
  5555 | D        | Noticed a deep troll
  5628 | D        | Killed a deep troll
  5717 | D        | Reached skill level 10 in Spellcasting
  5717 | D        | Reached XP level 10. HP: 63/63 MP: 16/26
  6259 | D        | Noticed a merfolk javelineer
  6262 | D        | Noticed a smoke demon
  6270 | D        | Slain by a redback

Illustrated notes

Levels and vault maps discovered:
D:        pitsprint [storerooms_1, entrance_room_1, metal_vault_8, armoury_3,
          mini_pit_1, grid_room_1, main_hall_1, silver_pit, the_coven_3,
          the_vestibule_1, steel_vault_1, golden_pit, hallway_of_sentries,
          crystal_vault_2, iron_vault_1, final_vault]

Skill      XL: |  1  2  3  4  5  6  7  8  9 10 |
---------------+-------------------------------+-----
Spellcasting   | 4 6 7 10 | 10.0
Earth Magic    | 4 5 6 8 9 10 11 12 | 12.5
Short Blades   | 1 2 3 5 |  5.0
Stealth        | 3 4 5 7 |  7.0
Conjurations   | 1 3 5 8 10 11 12 | 12.5
Fighting       | 1 2 4 6 7 |  7.0
Armour         | 1 2 4 6 7 |  7.0
Dodging        | 3 5 6 7 9 10 | 10.0
Alchemy        | 4 6 7 |  7.1

Action                     |  1- 3 |  4- 6 |  7- 9 | 10-12 || total
---------------------------+-------+-------+-------+-------++-------
  Melee: Dagger            |       |     9 |    14 |       ||    23
   Cast: Sandblast         |    17 |    13 |     7 |     2 ||    39
         Stone Arrow       |       |     6 |    56 |     5 ||    67
         Bombard           |       |       |     3 |     4 ||     7
    Use: Potion            |       |     4 |       |     3 ||     7
         Scroll            |       |       |     1 |       ||     1
 Armour: Robe              |     2 |     6 |    26 |    16 ||    50
  Dodge: Dodged            |     5 |    17 |    28 |     7 ||    57

Table legend: (Time is in decaauts)
 A = Elapsed time spent in this place.
 B = Non-inter-level travel time spent in this place.
 C = Inter-level travel time spent in this place.
 D = Time resting spent in this place.
 E = Time spent auto-exploring this place.
 F = Levels seen in this place.
 G = Mean time per level.
                   A        B        C        D        E       F      G
               +--------+--------+--------+--------+--------+-----+--------+
         Total |   6281 |   6265 |     16 |   5433 |      0 |   1 | 6281.0 |
       Dungeon |   6281 |   6265 |     16 |   5433 |      0 |   1 | 6281.0 |
               +--------+--------+--------+--------+--------+-----+--------+

Top non-repeatable levels by time:
       D: 6281 daAuts
